 Dungeon Crawl Stone Soup version 0.20-a0-738-gb057e68 (webtiles) character file.

457 Nigilith the Poker (level 6, 0/47 HPs)
             Began as a Demonspawn Fighter on Feb 23, 2017.
             Was a Follower of Okawaru.
             Slain by an iron imp (8 damage)
             ... summoned by Eustachio
             ... on level 4 of the Dungeon.
             The game lasted 00:04:40 (3142 turns).

Nigilith the Poker (Demonspawn Fighter)             Turns: 3142, Time: 00:04:42

Health: 0/47       AC:  6    Str: 18      XL:     6   Next: 77%
Magic:  0/6        EV:  7    Int:  9      God:    Okawaru [*.....]
Gold:   73         SH:  8    Dex:  9 (13) Spells: 5/5 levels left

rFire    . . .     SeeInvis .   a - +0 trident
rCold    + . .     Gourm    .   b - +0 scale mail
rNeg     . . .     Faith    .   c - +0 shield
rPois    .         Spirit   +   (helmet restricted)
rElec    .         Reflect  .   (no cloak)
rCorr    .         Harm     .   (no gloves)
MR       .....                  (no boots)
Stlth    ..........             (no amulet)
Regen    0.2/turn               (no ring)
MPRegen  0.2/turn               (no ring)

@: no status effects
A: horns 1, cold resistance 1, magic shield, magic regeneration, freezing cloud
immunity
a: Heroism, Renounce Religion


You were on level 4 of the Dungeon.
You worshipped Okawaru.
Okawaru was aware of your devotion.
You were hungry.

You visited 1 branch of the dungeon, and saw 4 of its levels.

You collected 73 gold pieces.

Inventory:

Hand Weapons
 a - a +0 trident (weapon)
Armour
 b - a +0 scale mail (worn)
 c - a +0 shield (worn)
Scrolls
 g - 3 scrolls of enchant weapon {unknown}
 j - 5 scrolls of identify {unknown}
 l - 2 scrolls of noise {unknown}
 m - a scroll of immolation {unknown}
 n - 2 scrolls of remove curse {unknown}
 o - 2 scrolls of blinking {unknown}
 p - 5 scrolls of teleportation {unknown}
 q - a scroll of enchant armour {unknown}
 t - a scroll of random uselessness {unknown}
 v - a scroll of amnesia {unknown}
 y - a scroll of magic mapping {unknown}
 z - a scroll of recharging {unknown}
 A - a scroll of fog {unknown}
 B - a scroll of fear {unknown}
Potions
 d - a potion of might
 e - 2 potions of heal wounds {unknown}
 i - a potion of brilliance
 r - a potion of lignification {unknown}
 s - a potion of invisibility {unknown}
 u - a potion of resistance {unknown}
 w - a potion of agility
Comestibles
 f - 5 bread rations
 h - a royal jelly
 k - 6 fruits
 x - a meat ration


   Skills:
 - Level 3.0 Fighting
 + Level 6.7 Polearms
 - Level 2.6 Armour
 - Level 2.6 Shields


You had 5 spell levels left.
You didn't know any spells.

Dungeon Overview and Level Annotations

Branches:
Dungeon (4/15)
 Temple: D:4-7

Altars:
Okawaru
Qazlal

Annotations:
D:4 Eustachio, Grinder


Innate Abilities, Weirdness & Mutations

You have a pair of small horns on your head.
Your flesh is cold resistant. (rC+)
When hurt, damage is shared between your health and your magic reserves.
You regenerate magic rapidly.
You are immune to freezing clouds.


Message History

Grinder says, "Just stop there for a second..."
Eustachio hits you but does no damage. The quasit bites you.
You feel clumsy.
The quasit claws you but does no damage.
The quasit claws you. The white imp hits you. The white imp freezes you.
You resist.
* * * LOW HITPOINT WARNING * * *
The iron imp hits you.
* * * LOW HITPOINT WARNING * * *
The river rat bites you.
* * * LOW HITPOINT WARNING * * *
You can move again.
Unknown command.
The quasit bites you but does no damage.
You block the quasit's attack. The quasit closely misses you.
Eustachio casts a spell.
Eustachio blinks!
The white imp hits you but does no damage.
The iron imp hits you!
You die...

#.# ### ##.# #.### #.#
#...# ##'## #.#.#
##...## #...#
##.....## ##..##
##.......##
##..r####.........###
#.@5§r5.'.>.......'.§
##r5@####.........###
#####.5######.......##
#.........# ##.....##
#.###.###.# ##...##
#.# #.# ##'## #. #.#
#.# .###.###.#
####.####
.........###.......#
####.#.............#


You could see Eustachio, Grinder, an iron imp, a quasit, 2 river rats, a white
imp and a rat.

Vanquished Creatures
  An ogre (D:4)
  A scorpion (D:4)
  A howler monkey (D:4)
  A centaur skeleton (D:4)
  2 iguanas (D:4)
  A worker ant (D:4)
  2 orc wizards (D:4)
  Robin (D:3)
  4 adders
  2 dart slugs (D:1)
  A leopard gecko (D:2)
  4 orcs
  8 bats
  7 giant cockroaches
  10 hobgoblins
  8 jackals
  4 kobolds (D:1)
  2 quokkas (D:2)
  6 frilled lizards
  11 goblins
  2 rats
79 creatures vanquished.

Notes
Turn   | Place    | Note
-------+----------+-------------------------------------------
     0 | D:1      | Nigilith the Demonspawn Fighter began the quest for the Orb.
     0 | D:1      | Reached XP level 1. HP: 18/18 MP: 1/1
    76 | D:1      | Reached skill level 2 in Polearms
   118 | D:1      | Gained mutation: You have a pair of small horns on your head. [demonic ancestry]
   118 | D:1      | Reached XP level 2. HP: 23/24 MP: 2/2
   285 | D:1      | Reached skill level 3 in Polearms
   372 | D:1      | Gained mutation: Your flesh is cold resistant. (rC+) [demonic ancestry]
   372 | D:1      | Reached XP level 3. HP: 27/29 MP: 3/3
   652 | D:2      | Found a stormy altar of Qazlal.
  1252 | D:3      | Gained mutation: You are immune to freezing clouds. [demonic ancestry]
  1252 | D:3      | Reached XP level 4. HP: 35/35 MP: 4/4
  1264 | D:3      | Noticed Robin
  1265 | D:3      | Reached skill level 4 in Polearms
  1281 | D:3      | Killed Robin
  2049 | D:4      | Found an iron altar of Okawaru.
  2073 | D:4      | Became a worshipper of Warmaster Okawaru
  2334 | D:4      | Gained mutation: When hurt, damage is shared between your health and your magic reserves. [demonic ancestry]
  2334 | D:4      | Reached XP level 5. HP: 14/41 MP: 5/5
  2576 | D:4      | Reached skill level 5 in Polearms
  2624 | D:4      | Noticed an ogre
  2635 | D:4      | Killed an ogre
  2635 | D:4      | Reached skill level 6 in Polearms
  2635 | D:4      | Gained mutation: You regenerate magic rapidly. [demonic ancestry]
  2635 | D:4      | Reached XP level 6. HP: 22/47 MP: 3/6
  2925 | D:4      | Reached * piety under Okawaru
  2926 | D:4      | Noticed Eustachio
  2927 | D:4      | Noticed Grinder
  3136 | D:4      | Paralysed by Grinder for 6 turns
  3142 | D:4      | Slain by an iron imp

Vault maps used:
D:1:      ncdulo_watergridlock
D:2:      first_bread, corexii_item_surrounded_by_moat,
          nicolae_qazlal_eye_of_the_storm
D:3:      corexii_corridor_pit, uniq_robin
D:4:      okawaru_trees_2, lemuel_blue_sif_altar, uniq_blork_the_orc,
          uniq_eustachio, uniq_grinder

Skill      XL: |  1  2  3  4  5 |
---------------+----------------+-----
Polearms       | 2 3 4 6 |  6.7
Fighting       | |  3.0
Armour         | |  2.6
Shields        | |  2.6

Action                   |  1- 3 |  4- 6 || total
-------------------------+-------+-------++-------
Melee: Trident           |   137 |   141 ||   278
       Headbutt          |    12 |    24 ||    36
  Use: Potion            |       |     2 ||     2
  Eat: Chunk             |     1 |     6 ||     7
Armor: Scale mail        |    47 |    65 ||   112
Dodge: Dodged            |    28 |    47 ||    75
Block: Shield            |    57 |    72 ||   129
